 Dungeon Crawl Stone Soup version 0.29-a0-1023-g6ae1a4a2c7 (webtiles) character file.

Game seed: 15668176148402410179

35 frimble the Digger (level 3, -1/28 HPs)
             Began as a Demonspawn Earth Elementalist on Aug 12, 2022.
             Succumbed to a gnoll's poison
             ... on level 2 of the Dungeon.
             The game lasted 00:01:05 (1692 turns).

frimble the Digger (Demonspawn Earth Elementalist)  Turns: 1692, Time: 00:01:06

Health: -1/28      AC:  5    Str:  8    XL:     3   Next: 17%
Magic:  6/6        EV: 12    Int: 18    God:
Gold:   41         SH:  0    Dex: 13    Spells: 5/6 levels left

rFire   . . .      SeeInvis +   c - +0 spear
rCold   . . .      Faith    .   (no shield)
rNeg    . . .      Spirit   .   a - +0 robe
rPois   .          Reflect  .   f - +0 helmet
rElec   .          Harm     .   (no cloak)
rCorr   .          Rampage  .   (no gloves)
Will    .....                   (no boots)
Stlth   ++........              (no amulet)
HPRegen 0.09/turn               g - ring of see invisible
MPRegen 0.10/turn               (no ring)

@: lethally poisoned (-1 -> -23)
A: yellow scales 1, demonic guardian 1
a: no special abilities


You were on level 2 of the Dungeon.
You visited 1 branch of the dungeon, and saw 2 of its levels.

You collected 41 gold pieces.

Inventory:

Hand Weapons
 c - a +0 spear (weapon)
Armour
 a - a +0 robe (worn)
 f - a +0 helmet (worn)
Jewellery
 g - a ring of see invisible (left hand)
Scrolls
 e - a scroll of magic mapping
Potions
 b - a potion of magic
 d - a potion of berserk rage {unknown}
 h - a potion of attraction {unknown}


   Skills:
 + Level 2.6 Fighting
 - Level 1.8 Dodging
 - Level 1.8 Stealth
 - Level 2.0 Spellcasting
 - Level 1.0 Transmutations
 - Level 2.7 Earth Magic


You had 5 spell levels left.
You knew the following spells:

 Your Spells              Type           Power      Damage    Failure   Level
a - Sandblast             Erth           22%        2d7       6%          1

Your spell library contained the following spells:

 Spells                   Type           Power      Damage    Failure   Level
 Passwall                 Tmut/Erth      6%         N/A       13%         2
 Stone Arrow              Conj/Erth      12%        3d7       30%         3
 Petrify                  Tmut/Erth      8%         N/A       63%         4


Dungeon Overview and Level Annotations

Branches:
Dungeon (2/15)

Altars:


Innate Abilities, Weirdness & Mutations

You are partially covered in yellow scales. (AC +2)
A weak demonic guardian rushes to your aid.


Message History

You feel sick.
You are no longer poisoned.
The kobold hits you but does no damage. The kobold hits you with a +0 dagger.
Your magical contamination has completely faded away.
You hit the kobold.
The kobold is moderately wounded.
The kobold hits you but does no damage.
You closely miss the kobold.
The kobold is moderately wounded.
The kobold closely misses you.
You closely miss the kobold.
The kobold is moderately wounded.
The kobold closely misses you.
Aiming: Sandblast (safe; 6% risk of failure)
Press: ? - help, Q - select action Shift-Dir - straight line, f/p - kobold
Aim: a kobold, wielding a +0 dagger (moderately wounded, 77% to hit)
The blast of sand hits the kobold!
You kill the kobold!
Things that are here:
a +0 dagger; an adder corpse Key pressed, stopping explore.
A gnoll comes into view. It is wielding a +2 flail of venom.
A gnoll is nearby!
A gnoll is nearby!
A gnoll is nearby! 2 gnolls come into view.
You hit the gnoll.
The gnoll is lightly wounded.
The gnoll hits you with a +2 flail of venom!
You are poisoned.
Okay, then.
The gnoll attacks as you move away!
The gnoll hits you with a +2 flail of venom!
You are more poisoned.
* * * LOW HITPOINT WARNING * * *
You feel very sick.
Okay, then.
As you read the scroll labelled WUUNUI SIPAAL, it crumbles to dust.
Wisps of shadow whirl around you...
It was a scroll of summoning.
You die...

#.............#
.....[........#
....##..).....##
...............#
...............##
...........##...##
...........##....###
..........##......###
........#....r.@.b..+
.........#######gK..#
........
#.g...........
.......
#.g...........
#........#....
#........#....
#........# ...
#......### ..
########


You could see a gnoll (ally target), a friendly quokka (summoned), a friendly
bat (summoned) and a friendly kobold (summoned).

Vanquished Creatures
  2 adders (D:2)
  A dart slug (D:1)
  An endoplasm (D:1)
  2 goblins (D:1)
  A hobgoblin (D:1)
  2 quokkas (D:1)
  2 ball pythons (D:1)
  A bat (D:2)
  A frilled lizard (D:1)
  A kobold (D:2)
14 creatures vanquished.

Vanquished Creatures (collateral kills)
  2 jackals (D:2)
2 creatures vanquished.

Grand Total: 16 creatures vanquished

Notes
Turn   | Place    | Note
-------+----------+-------------------------------------------
     0 | D:1      | frimble the Demonspawn Earth Elementalist began the quest
                  | for the Orb.
     0 | D:1      | Reached XP level 1. HP: 13/13 MP: 3/3
   140 | D:1      | Reached skill level 1 in Transmutations
   540 | D:1      | Reached skill level 1 in Fighting
   707 | D:1      | Gained mutation: A weak demonic guardian rushes to your
                  | aid. [demonic ancestry]
   707 | D:1      | Reached XP level 2. HP: 21/21 MP: 5/5
   800 | D:1      | Found a faded altar of an unknown god.
  1504 | D:2      | Gained mutation: You are partially covered in yellow
                  | scales. (AC +2) [demonic ancestry]
  1504 | D:2      | Reached XP level 3. HP: 20/28 MP: 2/6
  1692 | D:2      | Succumbed to a gnoll's poison

Illustrated notes

Levels and vault maps discovered:
D:1:      minmay_arrival_diagonal_passages, layout_loops_cross, serial_aquarium,
          aquarium_bridge_square [aquarium_subvault_wall,
          aquarium_subvault_window, aquarium_subvault_bridge,
          aquarium_subvault_bridge], aquarium_window_2,
          aquarium_window_corridor_1, aquarium_window_fake,
          aquarium_window_corner, aquarium_view_2d, aquarium_view_4,
          aquarium_pool_S, shapermc_ecumenical_altar_mp_vishouse,
          patterned_corridor
D:2:      layout_basic, chequers_serial_rivers_micro_d, kennysheep_potato

Skill      XL: |  1  2 |
---------------+-------+-----
Transmutations | 1 |  1.0
Fighting       | 1 2 |  2.6
Dodging        | |  1.8
Stealth        | |  1.8
Spellcasting   | |  2.0
Earth Magic    | |  2.7

Action                   || total
-------------------------++-------
Melee: Spear             ||    45
 Cast: Sandblast         ||    11
  Use: Scroll            ||     3
 Stab: Sleeping          ||     5
Armor: Robe              ||    17
Dodge: Dodged            ||    46

Table legend: (Time is in decaauts)
 A = Elapsed time spent in this place.
 B = Non-inter-level travel time spent in this place.
 C = Inter-level travel time spent in this place.
 D = Time resting spent in this place.
 E = Time spent auto-exploring this place.
 F = Levels seen in this place.
 G = Mean time per level.
                   A        B        C        D        E       F      G
               +--------+--------+--------+--------+--------+-----+--------+
         Total |   1706 |   1653 |     53 |      0 |   1486 |   2 |  853.0 |
       Dungeon |   1706 |   1653 |     53 |      0 |   1486 |   2 |  853.0 |
               +--------+--------+--------+--------+--------+-----+--------+

Top non-repeatable levels by time:
     D:1: 1197 daAuts
     D:2: 509 daAuts
